 Dungeon Sprint DCSS version 0.26-a0-665-gefeb406119 (webtiles) character file.

Game seed: 16068902531115962224

39 mhtbhm the Insei (level 3, 0/23 HPs)
             Began as an Octopode Transmuter on Oct 15, 2020.
             Slain by a centaur (8 damage)
             ... in the Dungeon (Sprint IX: "|||||||||||||||||||||||||||||").
             The game lasted 00:00:17 (335 turns).

mhtbhm the Insei (Octopode Transmuter)               Turns: 335, Time: 00:00:18

Health: 0/23       AC:  1    Str: 10    XL:     3   Next: 45%
Magic:  3/7        EV: 14    Int: 15    God:
Gold:   0          SH:  0    Dex: 12    Spells: 7/8 levels left

rFire    . . .     SeeInvis .     - Unarmed
rCold    . . .     Faith    .   (no shield)
rNeg     . . .     Spirit   .   (helmet currently unavailable)
rPois    .         Reflect  .   (no amulet)
rElec    .         Harm     .   (no ring)
rCorr    .         Rampage  .   (no ring)
MR       .....     NoTele   +   (no ring)
Stlth    ++........             (no ring)
HPRegen  0.07/turn              (no ring)
MPRegen  0.10/turn              (no ring)
                                (no ring)
                                (no ring)

@: appendages
A: almost no armour, stealthy swim, amphibious, 8 rings, constrict 8, tentacle
spike 3, camouflage 1, gelatinous body 1
a: End Transformation


You were in the Dungeon.
One of your tentacles had a temporary spike.
You visited 1 branch

Inventory:

Scrolls
 g - a scroll of blinking
Potions
 b - a potion of curing
 d - a potion of haste
 e - 2 potions of magic
 f - a potion of berserk rage


   Skills:
 + Level 1.0 Fighting
 + Level 3.1 Dodging
 + Level 5.7 Unarmed Combat
 + Level 3.1 Spellcasting
 + Level 2.9 Transmutations


You had 7 spell levels left.
You knew the following spells:

 Your Spells              Type           Power        Failure   Level
a - Beastly Appendage     Tmut           ##....       6%          1

Your spell library contained the following spells:

 Spells                   Type           Power        Failure   Level
 Wereblood                Tmut           ##......     9%          2
 Spider Form              Tmut/Pois      #.........   32%         3
 Ice Form                 Ice/Tmut       #.......     71%         4
 Blade Hands              Tmut           ##........   86%         5


Dungeon Overview and Level Annotations

Branches:
Dungeon (1/1)

Altars:


Innate Abilities, Weirdness & Mutations

You cannot wear most types of armour.
You are very stealthy in the water. (Stealth+)
You are amphibious.
You can wear up to eight rings at the same time.
You can use your tentacles to constrict eight enemies at once.
Your skin changes colour to match your surroundings (Stealth+).
Your rubbery body absorbs attacks. (AC +1, EV +1)
One of your tentacles bears a large vicious spike.


Message History

The white imp is heavily wounded.
You constrict the white imp. The white imp gestures at you.
The puff of frost misses you.
You tentacle-slap the white imp but do no damage.
The white imp is severely wounded.
You constrict the white imp, but do no damage.
The white imp spits at you.
The white imp hits you but does no damage.
You bludgeon the white imp!
You kill the white imp!
The centaur wields a +0 shortbow.
The centaur shoots an arrow.
The arrow closely misses you.
The centaur unwields a +0 shortbow.
The centaur hits you.
Things that are here:
a +0 dagger; a +0 robe; an orc corpse You tentacle-slap the centaur but do no damage.
You tentacle-slap the centaur, but do no damage.
The centaur hits you. The centaur hits you!
You die...

▓+▓
▓.▓
▓.▓
▓r▓
▓c▓
▓@▓
▓'▓
▓.▓
▓)▓
▓)▓
▓.▓
▓)▓
▓'▓
▓(▓


You could see a centaur and a quokka.

Vanquished Creatures
  An orc wizard (D)
  A white imp (D)
  A bat (D)
  A goblin (D)
  A quokka (D)
  3 kobolds (D)
8 creatures vanquished.

Notes
Turn   | Place    | Note
-------+----------+-------------------------------------------
     0 | D        | mhtbhm the Octopode Transmuter began the quest for the Orb.
     0 | D        | Reached XP level 1. HP: 13/13 MP: 3/3
    19 | D        | Reached skill level 4 in Unarmed Combat
   317 | D        | Noticed a centaur
   317 | D        | Noticed an orc wizard
   322 | D        | Reached XP level 2. HP: 17/18 MP: 3/5
   327 | D        | Reached skill level 5 in Unarmed Combat
   327 | D        | Reached XP level 3. HP: 10/23 MP: 3/7
   335 | D        | Slain by a centaur

Illustrated notes

Levels and vault maps discovered:
D:        linesprint [early_d, line_temple, items_1, d_10, items_2, lair_1,
          lair_end, items_3, orc_1, orc_end, items_4, d_15, swamp_1, shoals_1,
          snake_1, spider_1, d_20, vaults_1, items_5, swamp_end, shoals_end,
          snake_end, spider_end, vaults_end, d_27, items_6, zot_1, zot_end,
          crypt_end, forest_end, elf_end, slime_end, tomb_end, abyss_end,
          pan_hell_end]

Skill      XL: |  1  2 |
---------------+-------+-----
Unarmed Combat | 4 5 |  5.7
Dodging        | 3 |  3.1
Spellcasting   | 3 |  3.1
Fighting       | |  1.0
Transmutations | |  2.9

Action                   || total
-------------------------++-------
Melee: Unarmed           ||    25
       Constrict         ||     6
       Kick              ||     5
       Tentacles         ||     3
       Punch             ||     1
 Cast: Beastly Appendage ||     3
  Use: Potion            ||     1
Armor: Skin              ||     5
Dodge: Dodged            ||    17

Table legend: (Time is in decaauts)
 A = Elapsed time spent in this place.
 B = Non-inter-level travel time spent in this place.
 C = Inter-level travel time spent in this place.
 D = Time resting spent in this place.
 E = Time spent auto-exploring this place.
 F = Levels seen in this place.
 G = Mean time per level.
                   A        B        C        D        E       F      G
               +--------+--------+--------+--------+--------+-----+--------+
         Total |    333 |    333 |      0 |    293 |      3 |   1 |  333.0 |
       Dungeon |    333 |    333 |      0 |    293 |      3 |   1 |  333.0 |
               +--------+--------+--------+--------+--------+-----+--------+

Top non-repeatable levels by time:
       D: 333 daAuts
